 Dungeon Crawl Stone Soup version 0.27.1-33-g824d729ab1 (webtiles) character file.

Game seed: 8016240443885358144

37 SensoryNuts the Ruffian (level 3, -4/33 HPs)
             Began as a Ghoul Monk on Dec 6, 2021.
             Was a Priest of Qazlal.
             Slain by a worm (9 damage)
             ... on level 2 of the Dungeon.
             The game lasted 00:01:19 (929 turns).

SensoryNuts the Ruffian (Ghoul Monk)                 Turns: 929, Time: 00:01:20

Health: -4/33      AC:  2    Str: 15    XL:     3   Next: 39%
Magic:  2/2        EV: 12    Int:  5    God:    Qazlal [***...]
Gold:   37         SH:  4    Dex: 11    Spells: 2/2 levels left

rFire    . . .     SeeInvis .     - Unarmed
rCold    + . .     Faith    .   (no shield)
rNeg     + + +     Spirit   .   a - +0 robe
rPois    ∞         Reflect  .   (no helmet)
rElec    .         Harm     .   (no cloak)
rCorr    .         Rampage  .   (no gloves)
Will     .....                  (no boots)
Stlth    +.........             (no amulet)
HPRegen  0.00/turn              (no ring)
MPRegen  0.08/turn              (no ring)

@: inhibited regen
A: claws 1, cold resistance 1, negative energy resistance 3, inhibited
regeneration, torment resistance 2
a: Renounce Religion, Upheaval, Elemental Force


You were on level 2 of the Dungeon.
You worshipped Qazlal.
Qazlal was most pleased with you.
You visited 1 branch of the dungeon, and saw 2 of its levels.

You collected 37 gold pieces.

Inventory:

Armour
 a - a +0 robe (worn)
Scrolls
 c - a scroll of enchant weapon {unknown}
 d - a scroll of fear {unknown}
 e - 2 scrolls of identify {unknown}
 f - a scroll of magic mapping {unknown}
 g - a scroll of teleportation {unknown}
Potions
 b - 2 potions of ambrosia {unknown}


   Skills:
 + Level 3.7 Fighting
 + Level 3.1 Dodging
 + Level 2.3 Stealth
 + Level 3.9 Unarmed Combat


You had 2 spell levels left.
You didn't know any spells.
Your spell library was empty.

Dungeon Overview and Level Annotations

Branches:
Dungeon (2/15)

Altars:
Qazlal


Innate Abilities, Weirdness & Mutations

You thrive by killing the living.
You are immune to poison.
You have sharp fingernails.
Your flesh is cold resistant. (rC+)
You are immune to negative energy. (rN+++)
You do not regenerate when monsters are visible.
You are immune to unholy pain and torment.


Message History

The hobgoblin barely misses you.
You scratch the worm.
The worm is heavily wounded.
The hobgoblin hits you. The worm bites you!
* * * LOW HITPOINT WARNING * * *
You are too injured to fight recklessly!
You are too injured to fight recklessly!
You are too injured to fight recklessly!
You are too injured to fight recklessly!
You are too injured to fight recklessly!
You are too injured to fight recklessly!
You are too injured to fight recklessly!
You are too injured to fight recklessly!
You are too injured to fight recklessly!
You are too injured to fight recklessly!
You are too injured to fight recklessly!
You are too injured to fight recklessly!
You are too injured to fight recklessly!
You are too injured to fight recklessly!
You are too injured to fight recklessly!
You are too injured to fight recklessly!
You are too injured to fight recklessly!
You are too injured to fight recklessly!
You are too injured to fight recklessly!
You are too injured to fight recklessly!
You are too injured to fight recklessly!
You are too injured to fight recklessly!
Unknown command.
You barely miss the hobgoblin. The hobgoblin hits you.
* * * LOW HITPOINT WARNING * * *
You barely miss the hobgoblin. The hobgoblin hits you.
* * * LOW HITPOINT WARNING * * *
You block the worm's attack.
You barely miss the hobgoblin. You block the hobgoblin's attack.
The worm bites you.
* * * LOW HITPOINT WARNING * * *
You closely miss the hobgoblin. You block the hobgoblin's attack.
You scratch the hobgoblin but do no damage.
The hobgoblin misses you. The worm bites you!
You die...

######### ........#
####### ........#
#.....# ........#
#.....# ........#
#.><..# ........#
#.....#
......wg#####.....#
......)@'...'>....######
.......°###.#..........#
........# #.#.....####..
#####[### #.#.....# #.
#.#.....# #. #.#.....#
#. #.#†.##.#
....##.#...#.#
........<..#.#


You could see a worm and a hobgoblin.

Vanquished Creatures
  A worm (D:2)
  A dart slug (D:1)
  5 ball pythons
  3 bats (D:1)
  An endoplasm (D:1)
  6 goblins
  3 hobgoblins (D:1)
  2 quokkas (D:1)
  3 frilled lizards
  4 kobolds (D:1)
  A rat (D:2)
30 creatures vanquished.

Notes
Turn   | Place    | Note
-------+----------+-------------------------------------------
     0 | D:1      | SensoryNuts the Ghoul Monk began the quest for the Orb.
     0 | D:1      | Reached XP level 1. HP: 19/19 MP: 0/0
   286 | D:1      | Found a faded altar of an unknown god.
   291 | D:1      | Reached XP level 2. HP: 26/26 MP: 1/1
   298 | D:1      | Became a worshipper of Qazlal Stormbringer
   298 | D:1      | Reached * piety under Qazlal
   298 | D:1      | Reached ** piety under Qazlal
   481 | D:1      | Reached *** piety under Qazlal
   579 | D:1      | Reached XP level 3. HP: 31/31 MP: 2/2
   929 | D:2      | Slain by a worm

Illustrated notes

Levels and vault maps discovered:
D:1:      amcnicky_arrival_underground_garden, layout_rooms,
          ebering_ecumenical_altar_petrified
D:2:      layout_basic, basic_altar, minmay_tromino_v4_b

Skill      XL: |  1 |
---------------+----+-----
Dodging        | 3 |  3.1
Fighting       | |  3.7
Stealth        | |  2.3
Unarmed Combat | |  3.9

Action                   || total
-------------------------++-------
Melee: Unarmed           ||    85
       Punch             ||     2
Armor: Robe              ||    16
Dodge: Dodged            ||    40
Block: Other             ||    14
